 Dungeon Crawl Stone Soup version 0.28-a0-1594-ga885d4b3d6 (webtiles) character file.

Game seed: 4650692354042385597

72 hashsling the Magician (level 4, -7/24 HPs)
             Began as a Deep Elf Fire Elementalist on Jan 20, 2022.
             Mangled by a gnoll (9 damage)
             ... on level 3 of the Dungeon.
             The game lasted 00:04:11 (1552 turns).

hashsling the Magician (Deep Elf Fire Elementalist) Turns: 1552, Time: 00:04:13

Health: -7/24      AC:  2    Str:  5    XL:     4   Next: 7%
Magic:  8/12       EV: 13    Int: 22    God:
Gold:   100        SH:  0    Dex: 15    Spells: 8/11 levels left

rFire   . . .      SeeInvis .   i - +1 dagger (freeze)
rCold   . . .      Faith    .   (no shield)
rNeg    . . .      Spirit   .   a - +0 robe
rPois   .          Reflect  .   (no helmet)
rElec   .          Harm     .   (no cloak)
rCorr   .          Rampage  .   (no gloves)
Will    .....                   (no boots)
Stlth   ++........              (no amulet)
HPRegen 0.08/turn               (no ring)
MPRegen 0.13/turn               (no ring)

@: no status effects
A: no striking features
a: no special abilities


You were on level 3 of the Dungeon.
You visited 1 branch of the dungeon, and saw 3 of its levels.

You collected 100 gold pieces.

Inventory:

Hand Weapons
 e - a +1 whip of venom
 i - a +1 dagger of freezing (weapon)
 m - a +0 short sword of draining
Missiles
 l - 12 arrows
Armour
 a - a +0 robe (worn)
Scrolls
 d - a scroll of silence {unknown}
 g - a scroll of magic mapping {unknown}
 h - 5 scrolls of identify {unknown}
 k - a scroll of immolation {unknown}
 n - a scroll of fear {unknown}
Potions
 b - a potion of haste {unknown}
 c - a potion of lignification {unknown}
 f - a potion of invisibility {unknown}
 j - 3 potions of curing {unknown}


   Skills:
 + Level 3.2 Dodging
 - Level 2.5 Stealth
 * Level 4.3 Spellcasting
 - Level 2.0 Conjurations
 + Level 0.4 Hexes
 + Level 3.8 Fire Magic


You had 8 spell levels left.
You knew the following spells:

 Your Spells              Type           Power      Damage    Failure   Level
a - Foxfire               Conj/Fire      68%        2x1d7     3%          1
b - Scorch                Fire           42%        2d7       3%          2

Your spell library contained the following spells:

 Spells                   Type           Power      Damage    Failure   Level
 Conjure Flame            Conj/Fire      17%        6-21      10%         3
 Inner Flame              Hex/Fire       14%        N/A       14%         3
 Flame Wave               Conj/Fire      17%        2d5       32%         4


Dungeon Overview and Level Annotations

Branches:
Dungeon (3/15)

Altars:

Shops:
D:2 !


Message History

You now have 100 gold pieces (gained 13).
j - 3 fuming grey potions (gained 1)
A gnoll comes into view. It is wielding a +0 whip.
Found 13 gold pieces.
The gnoll shouts!
You hear a shout!
A gnoll comes into view. It is wielding a +0 whip.
A gnoll comes into view. It is wielding a +0 spear.
Casting: Foxfire (safe; 3% risk of failure)
Confirm with . or Enter, or press ? or * to list all spells.
Okay, then.
Okay, then.
Casting: Foxfire (safe; 3% risk of failure)
Confirm with . or Enter, or press ? or * to list all spells.
Flames lash the gnoll.
The gnoll is almost dead.
The gnoll's fire resistance burns away.
You barely miss the gnoll.
The gnoll is almost dead.
You closely miss the gnoll.
The gnoll is almost dead.
The gnoll hits you with a +0 whip.
You hit the gnoll but do no damage.
The gnoll is almost dead.
The gnoll hits you with a +0 whip!
Casting: Scorch (safe; 3% risk of failure)
Confirm with . or Enter, or press ? or * to list all spells.
You don't know that spell.
Casting: Scorch (safe; 3% risk of failure)
Confirm with . or Enter, or press ? or * to list all spells.
You conjure some foxfire!
The gnoll hits you with a +0 whip.
The gnoll hits you from afar with a +0 spear.
* * * LOW HITPOINT WARNING * * *
Casting: Foxfire (safe; 3% risk of failure)
Confirm with . or Enter, or press ? or * to list all spells.
You conjure some foxfire!
The foxfire hits the gnoll but does no damage.
The gnoll hits you with a +0 whip.
* * * LOW HITPOINT WARNING * * *
The gnoll hits you from afar with a +0 spear!
You die...

... ##...##...## ...
#.#########
##.........>#..†.
$#.........#
#................
.....##....#
#........<...#
#.......#
#...........†#
#......# #........<.##
#.#....#####...##...##
g. #....g.####).######


gg# #....#g@v##..########## .. #....###v..>.##.......# . ###### ##.............#
#..#.##.......# #..#<..#.......# ...##...##.###### #### #......# ######<...###
............# You could see 2 gnolls.

Vanquished Creatures
  4 gnolls (D:2)
  An adder (D:2)
  2 ball pythons
  A giant cockroach (D:1)
  2 goblins
  2 hobgoblins (D:2)
  A jackal (D:3)
  3 kobolds
  A quokka (D:2)
  3 bats
  3 frilled lizards (D:3)
  6 rats
29 creatures vanquished.

Vanquished Creatures (others)
  62 foxfires
62 creatures vanquished.

Grand Total: 91 creatures vanquished

Notes
Turn   | Place    | Note
-------+----------+-------------------------------------------
     0 | D:1      | hashsling the Deep Elf Fire Elementalist began the quest
                  | for the Orb.
     0 | D:1      | Reached XP level 1. HP: 10/10 MP: 6/6
   361 | D:1      | Found a faded altar of an unknown god.
   434 | D:1      | Reached XP level 2. HP: 15/15 MP: 8/8
   678 | D:2      | Found Loappic's Distillery.
   988 | D:2      | Reached skill level 4 in Spellcasting
   988 | D:2      | Reached XP level 3. HP: 19/19 MP: 0/10
   991 | D:2      | Learned a level 2 spell: Scorch
  1442 | D:3      | Reached XP level 4. HP: 22/24 MP: 8/12
  1552 | D:3      | Mangled by a gnoll

Illustrated notes

Levels and vault maps discovered:
D:1:      ncdulo_smallfort, layout_rooms,
          hellmonk_ecumenical_altar_pennies_from_heaven
D:2:      layout_loops_cross, serial_shops, nicolae_shop_crystal
D:3:      layout_rooms, nicolae_elyvilon_temple_path

Skill      XL: |  1  2  3 |
---------------+----------+-----
Dodging        | 3 |  3.2
Spellcasting   | 4 |  4.3
Conjurations   | 2 |  2.0
Stealth        | |  2.5
Hexes          | |  0.4
Fire Magic     | |  3.8

Action                   |  1- 3 |  4- 6 || total
-------------------------+-------+-------++-------
Melee: Unarmed           |     2 |       ||     2
       Club              |     1 |       ||     1
       Dagger            |     4 |     5 ||     9
 Cast: Foxfire           |    30 |     8 ||    38
       Scorch            |     4 |     1 ||     5
Armor: Robe              |     1 |       ||     1
Dodge: Dodged            |     5 |     2 ||     7

Table legend: (Time is in decaauts)
 A = Elapsed time spent in this place.
 B = Non-inter-level travel time spent in this place.
 C = Inter-level travel time spent in this place.
 D = Time resting spent in this place.
 E = Time spent auto-exploring this place.
 F = Levels seen in this place.
 G = Mean time per level.
                   A        B        C        D        E       F      G
               +--------+--------+--------+--------+--------+-----+--------+
         Total |   1552 |   1541 |     11 |     70 |   1271 |   3 |  517.3 |
       Dungeon |   1552 |   1541 |     11 |     70 |   1271 |   3 |  517.3 |
               +--------+--------+--------+--------+--------+-----+--------+

Top non-repeatable levels by time:
     D:2: 862 daAuts
     D:1: 565 daAuts
     D:3: 124 daAuts
